 Dungeon Crawl Stone Soup version 0.26-a0-639-g72c4674329 (webtiles) character file.

Game seed: 10469860718497990165

1755 Borgoz the Cleaver (level 9, -10/80 HPs)
             Began as a Hill Orc Berserker on Sept 19, 2020.
             Was an Elder of Trog.
             Mangled by an ice beast (12 damage)
             ... on level 5 of the Dungeon.
             The game lasted 00:08:10 (6008 turns).

Borgoz the Cleaver (Hill Orc Berserker)             Turns: 6008, Time: 00:08:11

Health: -10/80     AC:  7    Str: 20    XL:     9   Next: 6%
Magic:  9/9        EV: 12    Int:  7    God:    Trog [****..]
Gold:   307        SH:  0    Dex: 13    Spells: 8/8 levels left

rFire    . . .     SeeInvis .   a - +0 hand axe
rCold    . . .     Faith    .   (no shield)
rNeg     . . .     Spirit   .   w - +0 scale mail
rPois    .         Reflect  .   (no helmet)
rElec    .         Harm     .   (no cloak)
rCorr    .         Rampage  .   (no gloves)
MR       ++...                  (no boots)
Stlth    ..........             (no amulet)
HPRegen  1.23/turn              (no ring)
MPRegen  0.11/turn              (no ring)

@: confused, berserk cooldown, regenerating, slowed, very slow
A: no striking features
a: Berserk, Trog's Hand, Brothers in Arms, Renounce Religion


You were on level 5 of the Dungeon.
You worshipped Trog.
Trog was greatly pleased with you.
You visited 1 branch of the dungeon, and saw 5 of its levels.
You also visited: Sewer.

You collected 307 gold pieces.

Inventory:

Hand Weapons
 a - a +0 hand axe (weapon)
 b - a +0 flail
Missiles
 l - a throwing net (quivered)
Armour
 w - a +0 scale mail (worn)
Wands
 t - a wand of disintegration (17)
Scrolls
 c - a scroll of immolation
 e - 7 scrolls of remove curse
 f - 3 scrolls of blinking
 g - 2 scrolls of fear {unknown}
 h - 2 scrolls of fog
 i - a scroll of amnesia {unknown}
 j - a scroll of enchant armour {unknown}
 k - 3 scrolls of teleportation {unknown}
 o - 2 scrolls of magic mapping
 p - 2 scrolls of enchant weapon {unknown}
Potions
 m - a potion of curing {unknown}
 n - a potion of stabbing
 q - a potion of flight {unknown}
 r - a potion of heal wounds
 s - a potion of haste
 u - a potion of might {unknown}


   Skills:
 + Level 7.7 Fighting
 + Level 8.4 Axes
 + Level 6.5 Armour
 + Level 4.9 Dodging


You had 8 spell levels left.
You didn't know any spells.
Your spell library was empty.

Dungeon Overview and Level Annotations

Branches:
Dungeon (5/15)             Temple (0/1) D:4           Sewer (visited)

Altars:
Kikubaaqudgha
Sif Muna
Xom

Annotations:
D:5 Pikel


Message History

You hit the ice beast.
The gnoll sergeant hits you but does no damage.
The jackal barely misses you. The ice beast hits you.
* * * LOW HITPOINT WARNING * * *
The ice beast freezes you!
* * * LOW HITPOINT WARNING * * *
The gnoll barely misses you. The gnoll sergeant closely misses you.
The jackal closely misses you.
You bump into the stone wall.
The jackal bites you but does no damage.
The ice beast hits you.
* * * LOW HITPOINT WARNING * * *
The ice beast freezes you!
* * * LOW HITPOINT WARNING * * *
The gnoll hits you but does no damage.
The gnoll sergeant hits you but does no damage.
The jackal closely misses you. The ice beast hits you.
* * * LOW HITPOINT WARNING * * *
The ice beast freezes you!
You die...

,* *,#..#*,,+....,,+,,**,,,,,,*
,****,##..#*##g..,,,****,,,,*,,*
,,,**,#....##.h.,,,,,**.,,*,*,**
,,,*,,.........*++*,,,.[,,*,,,,*
*,,,,**,#.....#*,,**....,,*,,,**
*,,,,**.#.#..)##,,*#....,,**,**
,,,,,,........g##*#.....,,****
,,,,,,.......)gh##.....#***
,,,,,,.........)@Y......*
,,,,*,.........†.......#**
,,***,.........$.......#.******
.**##.........?.........,,,,,,*
#**...#..........(....##*****+*
# *..#*#..............#,+,*,*,*
###.####..............#**+*+*,*
#...............#....##,+,,,+,*
.................#####***,,,***


You could see an ice beast, a gnoll sergeant, a gnoll and a jackal.

Vanquished Creatures
  Sigmund (D:4)
  A phantom (D:4)
  2 ice beasts (D:5)
  An ogre (D:4)
  A centaur (D:5)
  7 big kobolds (Sewer)
  A scorpion (D:5)
  A gnoll shaman (D:5)
  3 hounds
  5 orc wizards
  Ijyb (D:3)
  2 worker ants (D:4)
  9 gnolls
  9 adders
  2 river rats (Sewer)
  5 oozes
  2 worms
  3 leopard geckos
  6 orcs
  4 giant cockroaches
  5 goblins
  6 hobgoblins
  4 jackals (D:1)
  12 kobolds
  A quokka (D:4)
  11 ball pythons
  9 bats
  4 frilled lizards
  A quokka skeleton (D:4)
  10 rats
129 creatures vanquished.

Notes
Turn   | Place    | Note
-------+----------+-------------------------------------------
     0 | D:1      | Borgoz the Hill Orc Berserker began the quest for the Orb.
     0 | D:1      | Reached XP level 1. HP: 19/19 MP: 1/1
    34 | D:1      | Reached XP level 2. HP: 6/27 MP: 2/2
   891 | D:1      | Reached XP level 3. HP: 30/33 MP: 3/3
  1129 | D:2      | Reached ** piety under Trog
  1133 | D:2      | Reached XP level 4. HP: 27/40 MP: 4/4
  2105 | D:2      | Reached skill level 5 in Axes
  2442 | D:3      | Found a glowing drain.
  2444 | D:3      | Reached XP level 5. HP: 47/47 MP: 5/5
  2466 | Sewer    | Entered a sewer
  2510 | Sewer    | Noticed a big kobold
  2555 | Sewer    | Killed a big kobold
  2668 | Sewer    | Noticed a big kobold
  2710 | Sewer    | Killed a big kobold
  2710 | Sewer    | Reached skill level 5 in Fighting
  2710 | Sewer    | Reached XP level 6. HP: 19/56 MP: 6/6
  3387 | Sewer    | Reached skill level 6 in Axes
  3460 | Sewer    | Reached XP level 7. HP: 49/61 MP: 7/7
  3873 | Sewer    | Reached *** piety under Trog
  4185 | D:3      | Noticed Ijyb
  4197 | D:3      | Killed Ijyb
  4567 | D:3      | Reached skill level 5 in Armour
  4860 | D:4      | Reached skill level 7 in Axes
  5001 | D:4      | Noticed Sigmund
  5008 | D:4      | Killed Sigmund
  5008 | D:4      | Reached XP level 8. HP: 71/71 MP: 8/8
  5269 | D:4      | Got a flickering sapphire amulet
  5308 | D:4      | Identified the amulet "Bozull" {Inacc Stlth+} (You found it
                  | on level 4 of the Dungeon)
  5442 | D:4      | Found an ancient bone altar of Kikubaaqudgha.
  5442 | D:4      | Found a shimmering blue altar of Sif Muna.
  5721 | D:4      | Found a staircase to the Ecumenical Temple.
  5798 | D:5      | Entered Level 5 of the Dungeon
  5798 | D:5      | Noticed Pikel
  5898 | D:5      | Reached skill level 8 in Axes
  5908 | D:5      | Reached **** piety under Trog
  5918 | D:5      | Found a shimmering altar of Xom.
  5989 | D:5      | Reached XP level 9. HP: 39/80 MP: 9/9
  6008 | D:5      | HP: 2/80 [ice beast (3)]
  6008 | D:5      | Mangled by an ice beast

Illustrated notes

Levels and vault maps discovered:
D:1:      lemuel_arrival_rhombus, layout_rooms, corexii_corridor_pit,
          hangedman_decor_peaks_small
D:2:      layout_loops_ring, minmay_tripent
D:3:      layout_basic, cheibrodos_sewer_entry_drain, uniq_ijyb
D:4:      layout_basic, amethyst_overflow_temple_binary,
          minmay_temple_entry_grid, eino_small_chamber_without_monster,
          kennysheep_generic_room_7, uniq_sigmund
D:5:      layout_cave_pools, serial_gnoll_camp, gnoll_camp_huts_basic,
          gnoll_camp_medium_01, gnoll_camp_mini_doghouse, gnoll_camp_mini_shop,
          nicolae_ossuary_entry_catacombs, xom_teletrap_fun, uniq_pikel

Skill      XL: |  1  2  3  4  5  6  7  8 |
---------------+-------------------------+-----
Fighting       | 4 5 6 7 |  7.7
Dodging        | 2 3 4 |  4.9
Armour         | 3 4 5 6 |  6.5
Axes           | 5 6 7 8 |  8.4

Action                   |  1- 3 |  4- 6 |  7- 9 || total
-------------------------+-------+-------+-------++-------
Melee: Hand axe          |    89 |   280 |   327 ||   696
Throw: Throwing net      |       |     2 |       ||     2
Invok: Berserk           |     2 |     1 |     6 ||     9
       Trog's Hand       |       |       |     2 ||     2
  Use: Scroll            |       |     3 |     7 ||    10
       Potion            |       |       |     3 ||     3
Armor: Animal skin       |    21 |       |       ||    21
       Leather armour    |    12 |     4 |       ||    16
       Ring mail         |       |    82 |    52 ||   134
       Scale mail        |       |       |    55 ||    55
Dodge: Dodged            |    80 |   170 |   224 ||   474

Table legend: (Time is in decaauts)
 A = Elapsed time spent in this place.
 B = Non-inter-level travel time spent in this place.
 C = Inter-level travel time spent in this place.
 D = Time resting spent in this place.
 E = Time spent auto-exploring this place.
 F = Levels seen in this place.
 G = Mean time per level.
                   A        B        C        D        E       F      G
               +--------+--------+--------+--------+--------+-----+--------+
         Total |   6225 |   6088 |    137 |   1214 |   3571 |   6 | 1037.5 |
       Dungeon |   4459 |   4322 |    137 |    688 |   2750 |   5 |  891.8 |
         Sewer |   1765 |   1765 |      0 |    526 |    821 |   1 | 1765.0 |
               +--------+--------+--------+--------+--------+-----+--------+

Top non-repeatable levels by time:
   Sewer: 1765 daAuts
     D:2: 1341 daAuts
     D:1: 1132 daAuts
     D:4: 1065 daAuts
     D:3: 759 daAuts
     D:5: 160 daAuts
